 Dungeon Crawl Stone Soup version 0.30-a0-242-g7bf8e6d787 (webtiles) character file.

Game seed: 14547476923686266381

55 brknglss the Conjurer (level 3, -2/21 HPs)
             Began as an Octopode Conjurer on Oct 11, 2022.
             Killed from afar by Sigmund (9 damage)
             ... with a magic dart
             ... on level 2 of the Dungeon.
             The game lasted 00:04:45 (2120 turns).

brknglss the Conjurer (Octopode Conjurer)           Turns: 2120, Time: 00:04:46

Health: -2/21      AC:  1    Str:  8    XL:     3   Next: 93%
Magic:  2/6        EV: 13    Int: 20    God:
Gold:   68         SH:  0    Dex: 10    Spells: 3/6 levels left

rFire   + . .      SeeInvis .    b - +0 short sword
rCold   . . .      Faith    .    (no shield)
rNeg    . . .      Spirit   .    (helmet restricted)
rPois   .          Reflect  .    f - amulet of regeneration
rElec   .          Harm     .    h - ring of protection from fire
rCorr   .          Rampage  .    (no ring)
Will    .....                    (no ring)
Stlth   +++.......               (no ring)
HPRegen 1.03/turn                (no ring)
MPRegen 0.10/turn                (no ring)
                                 (no ring)
                                 (no ring)

@: no status effects
A: almost no armour, amphibious, 8 rings, camouflage 1, gelatinous body 1,
(nimble swimmer 1), tentacles
a: no special abilities


You were on level 2 of the Dungeon.
You visited 1 branch of the dungeon, and saw 2 of its levels.

You collected 68 gold pieces.

Inventory:

Hand Weapons
 b - a +0 short sword (weapon)
Jewellery
 f - an amulet of regeneration (around mantle)
 h - a ring of protection from fire (left tentacle)
Scrolls
 c - 2 scrolls of fear
 i - a scroll of noise {unknown}
 j - a scroll of teleportation {unknown}
Potions
 a - a potion of magic
 d - a potion of degeneration
 e - 2 potions of attraction {unknown}


   Skills:
 + Level 2.4 Dodging
 * Level 4.1 Stealth
 + Level 2.3 Spellcasting
 * Level 4.4 Conjurations


You had 3 spell levels left.
You knew the following spells:

 Your Spells              Type           Power      Damage    Failure   Level
a - Magic Dart            Conj           80%        1d7       2%          1
b - Searing Ray           Conj           40%        2d5       3%          2

Your spell library contained the following spells:

 Spells                   Type           Power      Damage    Failure   Level
 Dazzling Flash           Conj/Hex       22%        N/A       19%         3
 Gell's Gravitas          Tloc           2%         N/A       41%         3
 Lesser Beckoning         Tloc           4%         N/A       41%         3
 Teleport Other           Tloc           2%         N/A       41%         3
 Fulminant Prism          Conj/Hex       5%         3d7       52%         4
 Iskenderun's Mystic Bla  Conj/Tloc      11%        2d4       52%         4


Dungeon Overview and Level Annotations

Branches:
Dungeon (2/15)

Altars:

Annotations:
D:2 Sigmund


Innate Abilities, Weirdness & Mutations

You cannot wear most types of armour.
You are amphibious.
You can wear up to eight rings at the same time.
Your skin changes colour to match your surroundings (Stealth+).
Your rubbery body absorbs attacks. (AC +1, EV +1)
((You are camouflaged when in or above water. (Stealth+)))
You have tentacles for arms and can constrict up to eight enemies at once.


Message History

The magic dart hits Sigmund.
Sigmund is moderately wounded.
As you read the scroll labelled PAREACW ASUB, it crumbles to dust.
It is a scroll of identify.
d - a potion of degeneration
Okay, then.
Sigmund casts a spell at you.
You are confused.
You bump into the rock wall.
Sigmund barely misses you.
Your magical contamination has completely faded away.
You bump into the rock wall.
You hit Sigmund.
Sigmund is moderately wounded.
Sigmund casts a spell at you.
You are more confused.
You bump into the rock wall.
Sigmund gestures at you while chanting. The puff of flame hits you. You resist.
You miss Sigmund. Your squeeze misses Sigmund.
Sigmund is moderately wounded.
Sigmund barely misses you. Sigmund attacks as you move away!
Sigmund hits you with a +0 scythe!
Ouch! That really hurt!
* * * LOW HITPOINT WARNING * * *
You bump into the rock wall.
Sigmund hits you from afar with a +0 scythe.
Sigmund hits you with a +0 scythe!
* * * LOW HITPOINT WARNING * * *
You miss Sigmund.
Sigmund is moderately wounded.
You hit Sigmund.
Sigmund is moderately wounded.
Sigmund closely misses you.
You bump into the rock wall.
Sigmund barely misses you.
You bump into the rock wall.
You bump into the rock wall.
You feel less confused. Sigmund casts a spell at you. The magic dart hits you!
You die...

#####.....# ..# #.........# ..
##.###....# #### .......##.##
#.. ##.#.#.#...### #.##.# #
.@.#. #.#.#.#....)###.##.#.#
#.##.. ..
#.#.#.#...#.†........#
#.#.....
#.#.#.#...#####.##.#.# #.#†.#.
##.#.#.##### #@##.# .....
.....#.# #@##.# ...#
##.###.#########.##.# #>.#
#...............÷..# #.#
###.....####....#..# ##.#####
#†....####.#.....######.......
#....##.##.#.........##.......
#....##.##.#<##.###.###...####
#.......##.#..............#


You could see Sigmund.

Vanquished Creatures
  2 adders (D:2)
  A dart slug (D:2)
  5 bats
  2 endoplasms (D:1)
  2 giant cockroaches (D:1)
  3 goblins
  2 hobgoblins
  4 kobolds
  5 quokkas
  3 ball pythons
  A frilled lizard (D:1)
  A rat (D:2)
31 creatures vanquished.

Notes
Turn   | Place    | Note
-------+----------+-------------------------------------------
     0 | D:1      | brknglss the Octopode Conjurer began the quest for the Orb.
     0 | D:1      | Reached XP level 1. HP: 11/11 MP: 3/3
   218 | D:1      | Reached XP level 2. HP: 17/17 MP: 5/5
  1214 | D:1      | Reached XP level 3. HP: 17/21 MP: 3/6
  1472 | D:2      | Noticed Sigmund
  1605 | D:1      | Learned a level 2 spell: Searing Ray
  1651 | D:2      | Found a faded altar of an unknown god.
  2120 | D:2      | Killed from afar by Sigmund

Illustrated notes

Levels and vault maps discovered:
D:1:      ncdulo_lavacross, layout_basic, nicolae_hexahallways,
          roderic_serpentine_path
D:2:      layout_basic, ebering_ecumenical_altar_sacrificial, uniq_sigmund

Skill      XL: |  1  2  3 |
---------------+----------+-----
Stealth        | 3 4 |  4.1
Dodging        | |  2.4
Spellcasting   | |  2.3
Conjurations   | |  4.4

Action                   || total
-------------------------++-------
Melee: Short sword       ||    17
       Constrict         ||     4
       Tentacles         ||     4
 Cast: Magic Dart        ||    52
  Use: Scroll            ||     5
 Stab: Sleeping          ||     3
Armor: Skin              ||     1
Dodge: Dodged            ||    14

Table legend: (Time is in decaauts)
 A = Elapsed time spent in this place.
 B = Non-inter-level travel time spent in this place.
 C = Inter-level travel time spent in this place.
 D = Time resting spent in this place.
 E = Time spent auto-exploring this place.
 F = Levels seen in this place.
 G = Mean time per level.
                   A        B        C        D        E       F      G
               +--------+--------+--------+--------+--------+-----+--------+
         Total |   2118 |   2037 |     81 |    484 |   1100 |   2 | 1059.0 |
       Dungeon |   2118 |   2037 |     81 |    484 |   1100 |   2 | 1059.0 |
               +--------+--------+--------+--------+--------+-----+--------+

Top non-repeatable levels by time:
     D:1: 1565 daAuts
     D:2: 553 daAuts
